 Dungeon Crawl Stone Soup version 0.24-a0-584-g9d6b971ae4 (webtiles) character file.

Game seed: 12950705610647851452, levelgen mode: deterministic

37 Grimm the Sneak (level 3, 0/21 HPs)
             Began as a Vampire Enchanter on Sept 2, 2019.
             Was an Initiate of Yredelemnul.
             Slain by an adder (2 damage)
             ... on level 1 of the Dungeon.
             The game lasted 00:05:44 (1196 turns).

Grimm the Sneak (Vampire Enchanter)                 Turns: 1196, Time: 00:05:45

Health: 0/21       AC:  2    Str:  8    XL:     3   Next: 23%
Magic:  5/6        EV: 12    Int: 17    God:    Yredelemnul [......]
Gold:   77         SH:  0    Dex: 14    Spells: 2/6 levels left

rFire    . . .     SeeInvis +   a - +2 dagger
rCold    . . .     Gourm    .   (no shield)
rNeg     . . .     Faith    .   b - +0 robe
rPois    .         Spirit   .   (no helmet)
rElec    .         Reflect  .   (no cloak)
rCorr    .         Harm     .   (no gloves)
MR       .....                  (no boots)
Stlth    +++.......             (no amulet)
HPRegen  0.27/turn              (no ring)
MPRegen  0.10/turn              (no ring)

@: lethally poisoned (0 -> -1), regenerating quickly
A: no food, fangs 3, see invisible, [frail 1], unbreathing
a: Exsanguinate, Renounce Religion


You were on level 1 of the Dungeon.
You worshipped Yredelemnul.
Yredelemnul was noncommittal.
You were alive.

You visited 1 branch of the dungeon, and saw 2 of its levels.

You collected 77 gold pieces.

Inventory:

Hand Weapons
 a - a +2 dagger (weapon)
 c - a +0 hunting sling
Missiles
 d - 50 stones (quivered)
Armour
 b - a +0 robe (worn)
 e - a +2 buckler
 g - a scarf of spirit shield
Potions
 f - 2 potions of berserk rage {unknown}


   Skills:
 + Level 3.0 Short Blades
 - Level 2.1 Dodging
 + Level 5.1 Stealth
 - Level 2.0 Spellcasting
 - Level 4.4 Hexes


You had 2 spell levels left.
You knew the following spells:

 Your Spells              Type           Power        Failure   Level  Hunger
a - Corona                Hex            ###....      3%          1    N/A
b - Confuse               Hex            ###.....     10%         3    N/A

Your spell library contained the following spells:

 Spells                   Type           Power        Failure   Level  Hunger
 Ensorcelled Hibernation  Hex/Ice        #.....       12%         2    N/A
 Tukima's Dance           Hex            ###.....     10%         3    N/A
 Dazzling Spray           Conj/Hex       #.....       24%         3    N/A

Dungeon Overview and Level Annotations

Branches:
Dungeon (2/15)

Altars:
Yredelemnul


Innate Abilities, Weirdness & Mutations

You do not eat.
Your natural rate of healing is unusually fast.
You have razor-sharp teeth.
You have supernaturally acute eyesight. (SInv)
You can survive without breathing.
[You are frail. (-10% HP)]


Message History

You hit the adder.
The adder is lightly wounded.
You feel sick. The adder barely misses you. The adder barely misses you.
Keep bloodletting? [Y]es or [N]o only, please.
Keep bloodletting?
You begin bloodletting.
You continue bloodletting.
You feel sick. The adder barely misses you. The adder closely misses you.
You continue bloodletting.
The adder closely misses you.
You continue bloodletting.
You feel sick. The adder barely misses you.
You continue bloodletting.
The adder stops glowing.
The adder barely misses you. The adder bites you.
* * * LOW HITPOINT WARNING * * *
You continue bloodletting.
The adder bites you.
You die...
Yredelemnul claims you as an undead slave.

.....<..≈≈≈≈≈≈##'##
#.# ################.#
#.# #...# #.# #.#
#####.###
##.##########.#
#.....†.#
##...##........#
#.###.#.#
#.....#.######## #.#
#.#.# ##.g.##.# #.#
#.#.#### ##S###.## #.#
#......####@##...# #.#
###.##...........#
#.#####.#######.##...#
#.......#######.######
#######.......#.#
#.#####.#.# #.#
#.#.#########
####.#####.#.........#
#.......##.#..##.###.#


You could see an adder and a hobgoblin.

Vanquished Creatures
  2 dart slugs (D:1)
  4 giant cockroaches (D:1)
  5 goblins (D:1)
  7 hobgoblins (D:1)
  4 bats (D:1)
  A frilled lizard (D:1)
  3 kobolds
  6 rats (D:1)
32 creatures vanquished.

Notes
Turn   | Place    | Note
-------+----------+-------------------------------------------
     0 | D:1      | Grimm the Vampire Enchanter began the quest for the Orb.
     0 | D:1      | Reached XP level 1. HP: 13/13 MP: 3/3
   256 | D:1      | Reached XP level 2. HP: 15/17 MP: 3/5
   350 | D:1      | Reached skill level 5 in Stealth
   623 | D:1      | Reached XP level 3. HP: 13/21 MP: 4/6
   657 | D:1      | Learned a level 3 spell: Confuse
  1135 | D:2      | Found a basalt altar of Yredelemnul.
  1138 | D:2      | Became a worshipper of Yredelemnul the Dark
  1196 | D:1      | Slain by an adder

Levels and vault maps discovered:
D:1:      tarquinn_simple_flora_water_c, layout_loops_corners
D:2:      layout_basic, lemuel_crystal_altar, grunt_ministairs_1

Skill      XL: |  1  2  3 |
---------------+----------+-----
Stealth        | 5 |  5.1
Short Blades   | 2 3 |  3.0
Dodging        | |  2.1
Spellcasting   | |  2.0
Hexes          | |  4.4

Action                   || total
-------------------------++-------
Melee: Dagger            ||    76
       Bite              ||     7
Throw: Stone             ||     4
 Cast: Corona            ||    10
       Confuse           ||     3
 Abil: Exsanguinate      ||     2
       Revivify          ||     1
  Use: Scroll            ||     4
 Stab: Sleeping          ||    12
       Confused          ||     2
Armor: Robe              ||    15
Dodge: Dodged            ||    59

Table legend:
 A = Non-vault XP
 B = Vault XP
 C = Vault XP percentage of total XP
 D = Non-vault monster count
 E = Vault monster count
 F = Vault count percentage of total count
                 A         B        C        D         E       F
            +---------+---------+-------+---------+---------+-------
      Total |      54 |       0 |   0.0 |      32 |       0 |   0.0
            +---------+---------+-------+---------+---------+-------
        D:1 |      53 |       0 |   0.0 |      31 |       0 |   0.0
        D:2 |       1 |       0 |   0.0 |       1 |       0 |   0.0
            +---------+---------+-------+---------+---------+-------
